 Dungeon Crawl Stone Soup version 0.27-a0-1502-g47ed6a6988 (webtiles) character file.

Game seed: 7712496329229335470

319 tsouns the Skirmisher (level 6, -6/48 HPs)
             Began as a Demonspawn Artificer on July 8, 2021.
             Was a Believer of Makhleb.
             Mangled by an ogre (23 damage)
             ... on level 3 of the Dungeon.
             The game lasted 00:07:34 (5890 turns).

tsouns the Skirmisher (Demonspawn Artificer)        Turns: 5890, Time: 00:07:35

Health: -6/48      AC:  7    Str: 13    XL:     6   Next: 21%
Magic:  6/6        EV: 11    Int: 14    God:    Makhleb [**....]
Gold:   150        SH:  4    Dex: 13    Spells: 5/5 levels left

rFire    . . .     SeeInvis .   n - +0 trident
rCold    . . .     Faith    .   m - +0 buckler
rNeg     . . .     Spirit   .   i - +0 scale mail
rPois    .         Reflect  .   (helmet restricted)
rElec    .         Harm     .   (no cloak)
rCorr    .         Rampage  .   (no gloves)
Will     .....                  h - +0 pair of boots
Stlth    +.........             l - amulet of the acrobat
HPRegen  0.16/turn              (no ring)
MPRegen  0.10/turn              (no ring)

@: no status effects
A: antennae 1, sturdy frame 3
a: Renounce Religion, Minor Destruction


You were on level 3 of the Dungeon.
You worshipped Makhleb.
Makhleb was pleased with you.
You visited 1 branch of the dungeon, and saw 4 of its levels.

You collected 200 gold pieces.
You spent 50 gold pieces at shops.

Inventory:

Hand Weapons
 a - a +0 club
 n - a +0 trident (weapon)
Armour
 b - a +0 leather armour
 h - a +0 pair of boots (worn)
 i - a +0 scale mail (worn)
 m - a +0 buckler (worn)
Jewellery
 l - an amulet of the acrobat (around neck)
Wands
 c - a wand of flame (1) (quivered)
 d - a wand of charming (7)
Scrolls
 g - a scroll of amnesia
 j - a scroll of teleportation
 s - a scroll of fog
Potions
 f - a potion of berserk rage
 k - a potion of brilliance
 o - a potion of heal wounds
 q - a potion of resistance {unknown}
 r - a potion of curing {unknown}
Miscellaneous
 e - a piece from Xom's chessboard (12/15)


   Skills:
 + Level 4.1 Fighting
 * Level 3.3 Polearms
 - Level 1.7 Armour
 - Level 0.8 Dodging
 - Level 0.8 Stealth
 + Level 2.2 Shields
 - Level 3.0 Evocations


You had 5 spell levels left.
You didn't know any spells.
Your spell library contained the following spells:

 Spells                   Type           Power      Damage    Failure   Level
 Passwall                 Tmut/Erth      0%         N/A       56%         2
 Conjure Flame            Conj/Fire      0%         6-21      80%         3
 Ignite Poison            Fire/Tmut/Pois 0%         N/A       80%         3
 Swiftness                Air            0%         N/A       80%         3
 Sticky Flame             Conj/Fire      0%         2d3       99%         4
 Freezing Cloud           Conj/Ice/Air   0%         6-21      100%        5
 Invisibility             Hex            0%         N/A       100%        6
 Simulacrum               Ice/Necr       0%         N/A       100%        6
 Polar Vortex             Ice            0%         N/A       100%        9


Dungeon Overview and Level Annotations

Branches:
Dungeon (4/15)
 Temple: D:4-7

Altars:
Makhleb
Okawaru
Uskayaw

Shops:
D:2 *


Innate Abilities, Weirdness & Mutations

You have a pair of small antennae on your head.
Your movements are significantly less encumbered by armour. (ER -6)


Message History

You puncture the ogre!
The ogre is moderately wounded.
The ogre hits you with a +0 giant club!
You are too injured to fight recklessly!
You are too injured to fight recklessly!
Aiming: Charm
Press: ? - help, Shift-Dir - straight line, f/p - ogre
Aim: an ogre, wielding a +0 giant club (moderately wounded, chance to affect: 54%)
The ogre is charmed.
What are your orders? t - Shout!
Orders for allies: a - Attack new target. p - Attack previous target. r - Retreat! s - Stop attacking. g - Guard the area. f - Follow me.
Anything else - Cancel.
Guard this area!
The ogre is no longer charmed.
An ogre is nearby!
The ogre shouts!
There is a stone staircase leading up here.
The ogre closely misses you.
You climb upwards.
There is a stone staircase leading down here.
Aiming: Charm
Press: ? - help, Shift-Dir - straight line, f - ogre
Aim: an ogre, wielding a +0 giant club (chance to affect: 54%)
The ogre resists with significant effort.
The ogre hits you with a +0 giant club!!
Unknown command.
Aiming: Charm
Press: ? - help, Shift-Dir - straight line, f/p - ogre
Aim: an ogre, wielding a +0 giant club (chance to affect: 54%)
The ogre resists with significant effort.
The ogre barely misses you.
Aiming: Charm
Press: ? - help, Shift-Dir - straight line, f/p - ogre
Aim: an ogre, wielding a +0 giant club (chance to affect: 54%)
The ogre resists with significant effort.
The ogre hits you with a +0 giant club!!
You die...

#.# #.####.# #.
#.# #.# #.# ## #.#
#.# #.# #. #.# #.#
#.###### #. #.####
#.# #......# #.
#....# #.#
######.# #. ####.#
#.# #.# #.
#.#############.#
#.# #.
#.#.........O@..#
#.# #.
#.#.##########..#
#.# #. ##...###
##.# #.# #.
#..#...#########.#
#.####
#.....#..≈≈≈≈≈..##
#.....
#>..#.#.≈.....≈.#
###########
##..<##.≈.≈≈≈.≈.#
#..........
#..###.≈≈(..≈≈.#
#.#########
#...##.≈≈._.≈≈.#
#.#


You could see an ogre.

Vanquished Creatures
  A necrophage (D:4)
  A hound (D:4)
  An iguana (D:4)
  An orc wizard (D:4)
  6 adders
  2 gnolls (D:4)
  4 dart slugs
  4 orcs
  4 ball pythons
  7 endoplasms
  3 giant cockroaches
  4 goblins
  6 hobgoblins
  4 jackals (D:4)
  6 kobolds
  A quokka (D:1)
  5 bats
  6 frilled lizards
  5 rats
71 creatures vanquished.

Vanquished Creatures (collateral kills)
  An endoplasm (D:2)
  A goblin (D:4)
2 creatures vanquished.

Vanquished Creatures (others)
  A gnoll (D:4)
1 creature vanquished.

Grand Total: 74 creatures vanquished

Notes
Turn   | Place    | Note
-------+----------+-------------------------------------------
     0 | D:1      | tsouns the Demonspawn Artificer began the quest for the
                  | Orb.
     0 | D:1      | Reached XP level 1. HP: 15/15 MP: 1/1
   516 | D:1      | Reached skill level 2 in Fighting
   658 | D:1      | Gained mutation: Your movements are slightly less
                  | encumbered by armour. (ER -2) [demonic ancestry]
   658 | D:1      | Reached XP level 2. HP: 12/22 MP: 2/2
  1374 | D:1      | Found a faded altar of an unknown god.
  1377 | D:1      | Became a worshipper of Makhleb the Destroyer
  1377 | D:1      | Reached * piety under Makhleb
  1878 | D:2      | Reached skill level 3 in Fighting
  1888 | D:2      | Gained mutation: Your movements are less encumbered by
                  | armour. (ER -4) [demonic ancestry]
  1888 | D:2      | Reached XP level 3. HP: 29/29 MP: 3/3
  2346 | D:2      | Found Pech's General Store.
  2358 | D:2      | Bought a potion of heal wounds for 50 gold pieces
  2623 | D:2      | Reached skill level 1 in Polearms
  2785 | D:3      | Found a hide-covered altar of Uskayaw.
  3047 | D:3      | Gained mutation: Your movements are significantly less
                  | encumbered by armour. (ER -6) [demonic ancestry]
  3047 | D:3      | Reached XP level 4. HP: 35/35 MP: 4/4
  3161 | D:3      | Reached skill level 1 in Shields
  4303 | D:4      | Found an iron altar of Okawaru.
  4653 | D:4      | Reached XP level 5. HP: 38/41 MP: 5/5
  4856 | D:4      | Reached ** piety under Makhleb
  5009 | D:4      | Noticed a necrophage
  5026 | D:4      | Killed a necrophage
  5236 | D:4      | Reached skill level 4 in Fighting
  5236 | D:4      | Gained mutation: You have a pair of small antennae on your
                  | head. [demonic ancestry]
  5236 | D:4      | Reached XP level 6. HP: 24/48 MP: 6/6
  5890 | D:3      | Mangled by an ogre

Illustrated notes

Levels and vault maps discovered:
D:1:      dpeg_arrival_three_bigger_balls, layout_loops_corners,
          hellmonk_ecumenical_altar_inner_sanctum
D:2:      layout_basic, serial_shops, shop
D:3:      layout_loops_ring, mainiacjoe_overflow_paths
D:4:      layout_basic, nicolae_overflow_crystal_walls, serial_glass,
          glass_columns_a, glass_columns_b

Skill      XL: |  1  2  3  4  5 |
---------------+----------------+-----
Fighting       | 2 3 4 |  4.1
Polearms       | 1 2 3 |  3.3
Shields        | 1 2 |  2.2
Armour         | |  1.7
Dodging        | |  0.8
Stealth        | |  0.8
Evocations     | |  3.0

Action                   |  1- 3 |  4- 6 || total
-------------------------+-------+-------++-------
Melee: Club              |    93 |       ||    93
       Trident           |    71 |   158 ||   229
Evoke: Wand              |     8 |    14 ||    22
       Piece from Xom's  |       |     3 ||     3
  Use: Scroll            |       |     6 ||     6
 Stab: Sleeping          |     5 |     3 ||     8
       Distracted        |       |     2 ||     2
Armor: Leather armour    |    54 |    13 ||    67
       Scale mail        |       |    38 ||    38
Dodge: Dodged            |   102 |    61 ||   163
Block: Buckler           |    10 |    19 ||    29

Table legend: (Time is in decaauts)
 A = Elapsed time spent in this place.
 B = Non-inter-level travel time spent in this place.
 C = Inter-level travel time spent in this place.
 D = Time resting spent in this place.
 E = Time spent auto-exploring this place.
 F = Levels seen in this place.
 G = Mean time per level.
                   A        B        C        D        E       F      G
               +--------+--------+--------+--------+--------+-----+--------+
         Total |   5979 |   5912 |     67 |      0 |   4957 |   4 | 1494.8 |
       Dungeon |   5979 |   5912 |     67 |      0 |   4957 |   4 | 1494.8 |
               +--------+--------+--------+--------+--------+-----+--------+

Top non-repeatable levels by time:
     D:4: 1912 daAuts
     D:1: 1559 daAuts
     D:2: 1261 daAuts
     D:3: 1245 daAuts
